 Dungeon Crawl Stone Soup version 0.28.0-43-g3370ac3207 (webtiles) character file.

Game seed: 9638873408813609688

59 funkygono the Firebug (level 3, -3/24 HPs)
             Began as a Demonspawn Fire Elementalist on Mar 15, 2022.
             Killed from afar by Natasha (8 damage)
             ... with a magic dart
             ... on level 1 of the Dungeon.
             The game lasted 00:02:01 (1369 turns).

funkygono the Firebug (DsFE)                        Turns: 1369, Time: 00:02:02

Health: -3/24      AC:  3    Str:  8    XL:     3   Next: 78%
Magic:  0/6        EV: 12    Int: 18    God:
Gold:   54         SH:  4    Dex: 13    Spells: 1/7 levels left

rFire   . . .      SeeInvis .   c - +0 dagger
rCold   . . .      Faith    .   (no shield)
rNeg    . . .      Spirit   .   a - +0 robe
rPois   .          Reflect  .   (no helmet)
rElec   .          Harm     .   (no cloak)
rCorr   .          Rampage  .   (no gloves)
Will    .....                   (no boots)
Stlth   ++........              (no amulet)
HPRegen 0.08/turn               (no ring)
MPRegen 0.10/turn               (no ring)

@: slowed, very slow
A: rugged brown scales 1, condensation shield
a: no special abilities


You were on level 1 of the Dungeon.
You visited 1 branch of the dungeon, and saw 2 of its levels.

You collected 54 gold pieces.

Inventory:

Hand Weapons
 c - a +0 dagger (weapon)
Missiles
 d - 3 stones
Armour
 a - a +0 robe (worn)
Scrolls
 b - a scroll of holy word {unknown}
 f - a scroll of noise {unknown}
 g - a scroll of fog {unknown}
 h - a scroll of teleportation {unknown}
 j - 3 scrolls of identify {unknown}
Potions
 e - 2 potions of heal wounds {unknown}
 i - a potion of resistance {unknown}
 k - 2 potions of haste {unknown}
 l - 3 potions of flight {unknown}
 m - a potion of might {unknown}


   Skills:
 + Level 1.9 Dodging
 - Level 1.7 Stealth
 * Level 2.6 Spellcasting
 * Level 1.7 Conjurations
 * Level 3.6 Fire Magic


You had one spell level left.
You knew the following spells:

 Your Spells              Type           Power      Damage    Failure   Level
a - Foxfire               Conj/Fire      44%        2x1d6     6%          1
b - Scorch                Fire           30%        2d7       6%          2
c - Conjure Flame         Conj/Fire      11%        6-21      17%         3

Your spell library contained the following spells:

 Spells                   Type           Power      Damage    Failure   Level
 Inner Flame              Hex/Fire       8%         N/A       24%         3
 Flame Wave               Conj/Fire      11%        2d5       50%         4


Dungeon Overview and Level Annotations

Branches:
Dungeon (2/15)

Altars:

Shops:
D:1 !

Annotations:
D:1 Natasha
D:2 Sigmund


Innate Abilities, Weirdness & Mutations

You are partially covered in rugged brown scales. (AC +1, +3% HP)
A meltable shield of frost defends you. (SH +4)


Message History

The gnoll hits you but does no damage. The kobold closely misses you.
Natasha stares at you and mumbles some strange words.
The magic dart hits you.
You climb upwards.
The white imp disappears in a puff of smoke!
There is a stone staircase leading down here.
Casting: Foxfire (safe; 6% risk of failure)
Confirm with . or Enter, or press ? or * to list all spells.
You don't have enough magic to cast this spell.
Unknown command.
Natasha casts a spell.
Casting: Foxfire (safe; 6% risk of failure)
Confirm with . or Enter, or press ? or * to list all spells.
You conjure some foxfire!
The foxfire hits Natasha.
Natasha is heavily wounded.
The kobold hits you with a +0 whip.
The foxfire hits the shadow imp but does no damage.
Natasha casts a spell.
Natasha growls.
Natasha mumbles some strange words.
Natasha stares at you and mumbles some strange words.
You feel yourself slow down.
The crimson imp sputters.
The shadow imp grins evilly.
You block the kobold's attack.
Casting: Foxfire (safe; 6% risk of failure)
Confirm with . or Enter, or press ? or * to list all spells.
You conjure some foxfire!
The foxfire hits Natasha.
Natasha is severely wounded.
The kobold hits you but does no damage.
The crimson imp blinks!
The foxfire hits Natasha.
Natasha is almost dead.
The crimson imp blinks!
Natasha stares at you and mumbles some strange words.
The magic dart hits you!
* * * LOW HITPOINT WARNING * * *
The kobold barely misses you. Natasha casts a spell at you.
The magic dart hits you!
You die...

............#....##........##....
#...........+.........#....##....
....#.......#.....#........##....
#.###.......#.....#........##....
..................+...........>..
..###########...#.#..5..###.....#
......# #####.#.....###......
....### #########.#5....##......#
......# #.......@hK.....(#......#
......###.......##5###.###.###.##
......#.........#...............#
..................##.###.###.##..
#...............#.#...........#.#
#...............#...##.###.##...#
#.....#.........#.#.#.......#.#.#
#.....#...........#...##.##...#..
'...............#.#.#.#...#.#.#.#


You could see Natasha, 2 shadow imps and a kobold.

Vanquished Creatures
  Natasha (D:2)
  A gnoll (D:1)
  2 dart slugs
  2 ball pythons (D:1)
  A bat (D:1)
  2 endoplasms (D:1)
  A giant cockroach (D:1)
  2 hobgoblins
  A quokka (D:2)
  2 frilled lizards
  A goblin (D:1)
  3 kobolds
  4 rats (D:1)
23 creatures vanquished.

Vanquished Creatures (others)
  61 foxfires
61 creatures vanquished.

Grand Total: 84 creatures vanquished

Notes
Turn   | Place    | Note
-------+----------+-------------------------------------------
     0 | D:1      | funkygono the Demonspawn Fire Elementalist began the quest
                  | for the Orb.
     0 | D:1      | Reached XP level 1. HP: 13/13 MP: 3/3
   313 | D:1      | Reached skill level 3 in Fire Magic
   313 | D:1      | Gained mutation: You are partially covered in rugged brown
                  | scales. (AC +1, +3% HP) [demonic ancestry]
   313 | D:1      | Reached XP level 2. HP: 13/19 MP: 3/5
   316 | D:1      | Learned a level 2 spell: Scorch
   509 | D:1      | Found Zucech's Distillery.
   916 | D:1      | Found a faded altar of an unknown god.
  1036 | D:2      | Noticed Natasha
  1039 | D:2      | Killed Natasha
  1040 | D:2      | Gained mutation: A meltable shield of frost defends you.
                  | (SH +4) [demonic ancestry]
  1040 | D:2      | Reached XP level 3. HP: 24/24 MP: 1/6
  1044 | D:2      | Learned a level 3 spell: Conjure Flame
  1268 | D:2      | Noticed Sigmund
  1345 | D:2      | Noticed Natasha
  1369 | D:1      | Killed from afar by Natasha

Illustrated notes

Levels and vault maps discovered:
D:1:      nicolae_arrival_washed_ashore, layout_basic, serial_shops, shop,
          hellmonk_ecumenical_altar_inner_sanctum, hangedman_decor_growths,
          minivault_24, nicolae_concentric_dashed_squares_mild,
          hangedman_feature_mirror
D:2:      layout_basic, chequers_serial_rivers_room_a, minmay_hexomino_f4,
          uniq_natasha, uniq_crazy_yiuf_cottage, uniq_sigmund

Skill      XL: |  1 |
---------------+----+-----
Fire Magic     | 3 |  3.6
Dodging        | |  1.9
Stealth        | |  1.7
Spellcasting   | |  2.6
Conjurations   | |  1.7

Action                   || total
-------------------------++-------
 Cast: Foxfire           ||    38
       Scorch            ||     3
Armor: Robe              ||     3
Dodge: Dodged            ||     3
Block: Other             ||     4
